 Dungeon Crawl Stone Soup version 0.25-a0-528-g6b7c99946c (webtiles) character file.

Game seed: 6697809107122254681, levelgen mode: deterministic

21 sanka the Sneak (level 2, -9/11 HPs)
             Began as a Felid Wanderer on Feb 19, 2020.
             Engulfed by a cloud of flame (20 damage)
             ... on level 2 of the Dungeon.
             The game lasted 00:03:04 (1140 turns).

sanka the Sneak (Felid Wanderer)                    Turns: 1140, Time: 00:03:05

Health: -9/11      AC:  1    Str:  6    XL:     2   Next: 62%
Magic:  3/3        EV: 17    Int: 14    God:
Gold:   71         SH:  0    Dex: 16    Spells: 0/1 levels left
                                        Lives:  0   Deaths: 0

rFire    . . .     SeeInvis +     - Unarmed
rCold    . . .     Gourm    .   (shield unavailable)
rNeg     . . .     Faith    .   (armour unavailable)
rPois    .         Spirit   .   (helmet unavailable)
rElec    .         Reflect  .   (cloak unavailable)
rCorr    .         Harm     .   (gloves unavailable)
MR       .....                  (boots unavailable)
Stlth    ++++......             (no amulet)
HPRegen  0.03/turn              e - +2 ring of evasion
MPRegen  0.08/turn              g - ring of flight

@: quick
A: very small, no armour, no weapons or thrown items, stealth, claws 1, fangs 3,
see invisible, carnivore, speed 1, shaggy fur 1, slow metabolism 1, sharp paws
a: Evoke Flight


You were on level 2 of the Dungeon.
You were completely stuffed.

You visited 1 branch of the dungeon, and saw 2 of its levels.

You collected 71 gold pieces.


Innate Abilities, Weirdness & Mutations

You cannot wear armour.
You are incapable of wielding weapons or throwing items.
Your paws allow you to move quietly. (Stealth)
You have sharp claws.
You have razor-sharp teeth.
You have supernaturally acute eyesight. (SInv)
You are carnivorous and can eat meat at any time.
You cover ground quickly.
You are covered in fur. (AC +1)
You have a slow metabolism.
Your sharp claws are effective at attacking unaware monsters.


   Skills:
 + Level 6.8 Stealth
 - Level 2.0 Unarmed Combat
 + Level 0.3 Spellcasting
   Level 3.0 Hexes
 + Level 2.2 Transmutations
 + Level 0.4 Poison Magic


You couldn't memorise any spells.
You knew the following spells:

 Your Spells              Type           Power        Failure   Level  Hunger
z - Sting                 Tmut/Pois      #...         16%         1    ##.....

Your spell library contained the following spells:

 Spells                   Type           Power        Failure   Level  Hunger
 Spider Form              Tmut/Pois      #.........   43%         3    ####...

Inventory:

Jewellery
 e - a +2 ring of evasion (left paw)
 g - a ring of flight (right paw)
Scrolls
 b - a scroll of teleportation {@r4}
 c - a scroll of remove curse {unknown}
 f - a scroll of fog {unknown}
 h - a scroll of enchant armour {unknown}
 j - 2 scrolls of identify {unknown}
Potions
 a - 2 potions of heal wounds {@q2}
 i - a potion of magic {unknown}
Comestibles
 d - 4 rations

Dungeon Overview and Level Annotations

Branches:
Dungeon (2/15)

Altars:
Vehumet

▒▒▒▒▒▒▒ ▒▒
▒▒▒..... ▒▒.
▒..°.#▒ ▒▒..
▒▒...#.▒ ▒▒...
..▒▒.°.#.°▒▒▒..
▒....
..r...#.#°.....
+....
..▒▒...h..▒.▒..
▒.... ▒▒▒▒.▒▒▒
▒ ▒... ▒.▒ ▒▒..
▒.. ▒▒. ▒▒▒ ▒▒
▒ ▒ ▒▒ ▒▒.


You could see a rat (sleeping).


Message History

There is an open door here.
You enter the shallow water.
Found two escape hatches in the floor.
Done exploring.
Search for what [? for help]? .
There is an open door here.
There is an open door here.
You see here a short sword.
There is a stone staircase leading down here.
Search for what [Enter for "."]? .
You climb downwards.
Found 16 stones.
There is a stone staircase leading up here.
You open the door.
A bat comes into view.
There is an open door here.
You pounce on the unaware helpless bat!
You claw the bat!
You kill the bat!
Found 20 arrows.
You see here 20 arrows.
You stumble into a teleport trap!
You are suddenly yanked towards a nearby monster!
Your surroundings suddenly seem different.
Found a radiant altar of Vehumet.
A rat comes into view.
There is a radiant altar of Vehumet here.
You are engulfed in blazing flames.
Ouch! That really hurt!
You die...

Action                   || total
-------------------------++-------
Melee: Unarmed           ||    24
       Bite              ||     2
 Cast: Sting             ||     8
 Stab: Sleeping          ||    12
  Eat: Chunk             ||     8
Armor: Skin              ||     4
Dodge: Dodged            ||    15

Levels and vault maps discovered:
D:1:      evilmike_arrival_crescent, layout_basic
D:2:      layout_loops_corners, fiery_altar_vehumet

Notes
Turn   | Place    | Note
-------+----------+-------------------------------------------
     0 | D:1      | sanka the Felid Wanderer began the quest for the Orb.
     0 | D:1      | sanka set off with the following items: a potion of heal
                  | wounds {@q2}, a scroll of teleportation {@r4}, a ration;
                  | and the following spell memorised: Sting; and the following
                  | spells available to memorise: Spider Form
     0 | D:1      | Reached XP level 1. HP: 7/7 MP: 2/2
    99 | D:1      | Reached skill level 2 in Transmutations
   142 | D:1      | Reached XP level 2. HP: 11/11 MP: 0/3
  1138 | D:2      | Found a radiant altar of Vehumet.
  1140 | D:2      | Engulfed by a cloud of flame

Vanquished Creatures
  A dart slug (D:1)
  3 goblins (D:1)
  2 hobgoblins (D:1)
  2 jackals (D:1)
  2 kobolds (D:1)
  3 bats
  A frilled lizard (D:1)
  5 rats (D:1)
19 creatures vanquished.
